 Dungeon Crawl Stone Soup version 0.26-a0-652-gafc20e3620 (webtiles) character file.

Game seed: 5203158151895893908

87124 quinnr the Bludgeoner (level 15, -7/97 HPs)
             Began as a Gargoyle Gladiator on Oct 1, 2020.
             Was a High Priest of Okawaru.
             Blown up by an orb spider (22 damage)
             ... with a wavering orb of destruction
             ... on level 2 of the Spider Nest.
             The game lasted 01:37:56 (26725 turns).

quinnr the Bludgeoner (Gargoyle Gladiator)         Turns: 26725, Time: 01:37:56

Health: -7/97      AC: 36    Str: 28    XL:     15   Next: 89%
Magic:  19/19      EV:  9    Int: 11    God:    Okawaru [*****.]
Gold:   1879       SH: 15    Dex: 15    Spells: 14/14 levels left

rFire    + + .     SeeInvis +   S - +5 morningstar (flame)
rCold    + + .     Faith    +   q - +0 kite shield {reflect}
rNeg     + . .     Spirit   .   w - +1 plate armour of Hoechejiz {rF+}
rPois    ∞         Reflect  +   L - +2 helmet "Ideolax" {+Inv MR+ Str+6 Dex+4}
rElec    +         Harm     .   y - +0 cloak "Zaofrel" {rC++}
rCorr    .         Rampage  .   M - +2 pair of gloves
MR       ++...                  Z - +2 pair of boots {run}
Stlth    ..........             u - amulet of faith
HPRegen  0.26/turn              v - ring of see invisible
MPRegen  0.16/turn              c - ring of protection from fire

@: berserk cooldown, studying Fighting, quick
A: big wings, negative energy resistance 1, electricity resistance, unbreathing,
petrification resistance, rot immunity, AC +11
a: Fly, Heroism, Finesse, Renounce Religion, Evoke Invisibility


You were on level 2 of the Spider Nest.
You worshipped Okawaru.
Okawaru was extremely pleased with you.
You visited 5 branches of the dungeon, and saw 24 of its levels.

You collected 3864 gold pieces.
You spent 1985 gold pieces at shops.

Inventory:

Hand Weapons
 S - a +5 morningstar of flaming (weapon)
 T - a +2 dire flail of protection
Missiles
 d - 7 throwing nets
 l - 15 curare-tipped darts
 O - 10 javelins (quivered)
 Y - 8 atropa-tipped darts
Armour
 p - the +1 scale mail of Fuar {Int+10}
   (Okawaru gifted it to you on level 1 of the Spider Nest)

   It affects your intelligence (+10).
 q - a +0 kite shield of reflection (worn)
 w - the +1 plate armour of Hoechejiz (worn) {rF+}
   (You bought it in a shop on level 12 of the Dungeon)

   It protects you from fire.
 y - the +0 cloak "Zaofrel" (worn) {rC++}
   (Okawaru gifted it to you on level 12 of the Dungeon)

   It greatly protects you from cold.
 L - the +2 helmet "Ideolax" (worn) {+Inv MR+ Str+6 Dex+4}
   (You found it on level 6 of the Dungeon)

   It affects your strength (+6).
   It affects your dexterity (+4).
   It affects your resistance to hostile enchantments.
   It lets you turn invisible.
 M - a +2 pair of gloves (worn)
 Z - a +2 pair of boots of running (worn)
Jewellery
 c - a ring of protection from fire (right hand)
 e - an uncursed ring of protection from fire
 n - an uncursed amulet of guardian spirit
 u - an amulet of faith (around neck)
 v - a ring of see invisible (left hand)
 D - an uncursed ring of ice
 J - an uncursed ring of positive energy
Wands
 a - a wand of digging (15)
 f - a wand of acid (21)
 s - a wand of iceblast (3)
 x - a wand of enslavement (33)
 A - a wand of flame (32)
 G - a wand of polymorph (18)
 I - a wand of paralysis (9)
 N - a wand of random effects (71)
Scrolls
 b - a scroll of immolation
 h - 11 scrolls of remove curse
 i - 3 scrolls of identify
 o - 4 scrolls of magic mapping
 z - a scroll of silence
 C - 11 scrolls of teleportation
 K - 3 scrolls of fear
 P - 3 scrolls of fog
 V - 3 scrolls of blinking
Potions
 g - 2 potions of heal wounds
 j - a potion of mutation
 k - 9 potions of curing
 t - 8 potions of lignification
 E - 5 potions of stabbing
 R - a potion of haste
 X - a potion of ambrosia
Books
 F - a manual of Fighting
Miscellaneous
 B - a phantom mirror
 H - a condenser vane (2/2)
 Q - a phantom mirror
 U - a tin of tremorstones (3/3)


   Skills:
 + Level 12.8 Fighting
 - Level 16.0 Maces & Flails
 - Level 6.0 Throwing
 - Level 7.0 Armour
 - Level 2.4 Dodging
 - Level 5.0 Stealth
 - Level 15.0 Shields
 - Level 6.0 Invocations
 - Level 8.0 Evocations


You had 14 spell levels left.
You didn't know any spells.
Your spell library contained the following spells:

 Spells                   Type           Power        Failure   Level
 Animate Skeleton         Necr           #.....       98%         1
 Magic Dart               Conj           #...         98%         1
 Pain                     Necr           #...         98%         1
 Sandblast                Erth           #.....       98%         1
 Blink                    Tloc           N/A          99%         2
 Call Imp                 Summ           #.......     99%         2
 Passwall                 Tmut/Erth      #.......     99%         2
 Poisonous Vapours        Pois/Air       #.....       99%         2
 Slow                     Hex            #.......     99%         2
 Conjure Flame            Conj/Fire      #.......     100%        3
 Mephitic Cloud           Conj/Pois/Air  #.......     100%        3
 Static Discharge         Conj/Air       #.......     100%        3
 Stone Arrow              Conj/Erth      #.....       100%        3
 Teleport Other           Tloc           #.......     100%        3
 Vampiric Draining        Necr           #.........   100%        3
 Animate Dead             Necr           #.........   100%        4
 Petrify                  Tmut/Erth      #.......     100%        4
 Agony                    Necr           #.......     100%        5
 Bolt of Magma            Conj/Fire/Erth #.........   100%        5
 Iskenderun's Battlesphe  Conj           #.......     100%        5
 Lee's Rapid Deconstruct  Erth           #.........   100%        5
 Conjure Ball Lightning   Conj/Air       #.........   100%        6
 Freezing Cloud           Conj/Ice/Air   #.........   100%        6
 Iron Shot                Conj/Erth      #.........   100%        6
 Orb of Destruction       Conj           #.........   100%        7
 Spellforged Servitor     Conj/Summ      #.........   100%        7
 Disjunction              Tloc           #.........   100%        8


Dungeon Overview and Level Annotations

Branches:
Dungeon (13/15)            Temple (1/1) D:6            Lair (6/6) D:8
 Shoals (0/4) Lair:3       Spider (2/4) Lair:2        Slime (0/5) Lair:5
    Orc (2/2) D:12            Elf (0/3) Orc:2
 Vaults: D:13-14

Altars:
Ashenzari
Cheibriados
Dithmenos
Elyvilon
Fedhas
Gozag
Hepliaklqana
Kikubaaqudgha
Makhleb
Nemelex Xobeh
Okawaru
Qazlal
Ru
Sif Muna
Trog
Uskayaw
Vehumet
Wu Jian
Xom
Yredelemnul
Zin
The Shining One

Shops:
D:11 [   D:12 [   D:13 *   Orc:2 }*(}


Innate Abilities, Weirdness & Mutations

You are resistant to torment.
Your stone body is resilient. (AC +11)
You are immune to poison.
Your large and strong wings let you fly indefinitely.
You resist negative energy. (rN+)
You are resistant to electric shocks. (rElec)
You can survive without breathing.
You are immune to petrification.
You are immune to rotting.


Message History

Press: ? - help, Shift-Dir - straight line, f - orb spider
Aim: an orb spider (fully charged, chance to defeat MR: 51%)
The orb spider resists with significant effort.
You feel yourself speed up. The redback closely misses you.
You block the redback's attack.
The orb spider weaves a glowing orb of energy.
The redback bites you but does no damage.
An orb of destruction comes into view.
Things that are here:
a redback corpse; a redback corpse; a tarantella corpse The orb of destruction hits a stone wall.
The orb spider pulsates with a strange energy.
The redback bites you but does no damage.
You hit the orb spider. You burn the orb spider.
The orb spider is lightly wounded.
You block the redback's attack.
Your magical contamination has completely faded away.
The orb spider weaves a glowing orb of energy.
The wavering orb of destruction weakly hits you!!
You die...

...).#.#.^.. #....#...... .......
..........# #...^.# .##...^##..^#
##.....##
.#..##......###....?..##
###.........# ...#.#...# #..##
#.....####..# .......# .. #..^.
....#.#..#..# #s....# #...#....
.##...##....####@....####...#....
....#..^.....##.......##.........
......<..#...†.†°#s#...+.#....#..
...#.#...#...##.[°....##.........
##.......#..########### #..#..#.†
^...##..##..#############..#....#
...^....................#....##†#
.)..##...#..#.#..#.........#..†.#
.....#...#^......#####...#.#...##


You could see an orb spider and a redback.

Vanquished Creatures
  Asterion (Spider:1)
  Gastronok (D:12)
  An emperor scorpion (Spider:2)
  Aizul (Spider:1)
  3 entropy weavers
  A fire dragon (Lair:6)
  Harold (D:7)
  7 hydras
  A shambling mangrove (Lair:5)
  A catoblepas (Lair:5)
  8 two-headed ogres (Orc:1)
  2 ogre magi (Orc:2)
  A queen ant (D:12)
  Sonja (Lair:1)
  A fire crab (Lair:6)
  An unseen horror (D:13)
  2 deep trolls (Orc:1)
  Pikel (D:9)
  An orb spider (Spider:2)
  An orc sorcerer (Orc:1)
  3 orc knights (Orc:1)
  An oklob plant (Lair:5)
  11 wolf spiders
  5 ugly things
  A manticore (D:13)
  4 cyclopes
  A moth of wrath (Spider:2)
  3 molten gargoyles (Lair:6)
  2 torpor snails (Spider:1)
  Maurice (D:7)
  5 black mambas
  12 cane toads
  13 komodo dragons
  4 gargoyles
  2 rime drakes
  15 demonic crawlers
  A kobold demonologist (D:12)
  6 jumping spiders
  2 polar bears
  4 hornets
  12 trolls
  4 dream sheep (Lair:4)
  A snapping turtle (Lair:3)
  8 hippogriffs
  7 wyverns
  12 tarantellas
  31 redbacks
  3 basilisks
  26 yaks
  A steam dragon (Lair:6)
  A warg (Orc:1)
  25 soldier ants (D:12)
  6 water moccasins
  4 hell hounds (Lair:6)
  5 porcupines
  A swamp drake (Lair:3)
  10 orc warriors
  2 phantoms
  3 sky beasts
  A hornet zombie (D:11)
  An ice beast (D:5)
  A black bear (D:8)
  A necrophage (D:5)
  24 ogres
  10 centaurs
  2 lemures (D:9)
  8 big kobolds
  5 crocodiles
  15 bullfrogs
  A wyvern zombie (D:13)
  2 scorpions
  11 killer bees (D:8)
  23 wights
  An electric eel (Lair:4)
  A howler monkey (D:10)
  2 bullfrog zombies (D:11)
  4 lava snakes (Lair:6)
  10 hounds
  A quasit (D:6)
  2 centaur zombies
  5 jellies
  11 orc priests
  2 centaur skeletons
  2 bullfrog skeletons (D:8)
  5 iguanas
  22 orc wizards
  28 worker ants
  A killer bee zombie (D:8)
  A howler monkey zombie (D:8)
  2 howler monkey skeletons
  16 adders
  6 gnolls
  A river rat (Spider:1)
  A shadow imp (D:3)
  A white imp (D:5)
  3 ufetubi
  An ooze (D:3)
  An adder zombie (D:9)
  4 worms
  A dart slug (D:1)
  8 leopard geckos
  91 orcs
  4 giant cockroaches (D:1)
  15 goblins
  8 hobgoblins
  18 jackals
  24 kobolds
  5 quokkas
  7 ball pythons
  5 bats
  2 frilled lizards
  2 leopard gecko skeletons
  A quokka zombie (D:7)
  11 rats
736 creatures vanquished.

Vanquished Creatures (others)
  A centaur (D:13)
  A bullfrog (D:13)
  An orc wizard (Orc:1)
  An orc (D:6)
  28 fungi
  37 plants
69 creatures vanquished.

Grand Total: 805 creatures vanquished

Notes
Turn   | Place    | Note
-------+----------+-------------------------------------------
     0 | D:1      | quinnr the Gargoyle Gladiator began the quest for the Orb.
     0 | D:1      | Reached XP level 1. HP: 12/12 MP: 1/1
   145 | D:1      | Reached XP level 2. HP: 17/17 MP: 2/2
   441 | D:1      | Reached skill level 4 in Maces & Flails
   599 | D:1      | Reached XP level 3. HP: 21/21 MP: 3/3
  1522 | D:2      | Reached XP level 4. HP: 26/26 MP: 4/4
  1635 | D:2      | Reached skill level 5 in Maces & Flails
  1883 | D:2      | Found a shimmering altar of Xom.
  1890 | D:2      | Found an opulent altar of Gozag.
  1890 | D:2      | Found a hide-covered altar of Uskayaw.
  1892 | D:2      | Found a bloodstained altar of Trog.
  1892 | D:2      | Found a white marble altar of Elyvilon.
  1892 | D:2      | Found a shadowy altar of Dithmenos.
  2260 | D:3      | Reached XP level 5. HP: 27/30 MP: 5/5
  2332 | D:3      | Found a blossoming altar of Fedhas.
  2530 | D:3      | Found a shadowy altar of Dithmenos.
  2629 | D:3      | Reached skill level 1 in Evocations
  2648 | D:3      | Found an opulent altar of Gozag.
  2918 | D:3      | Reached skill level 1 in Armour
  2929 | D:3      | Reached XP level 6. HP: 33/36 MP: 6/6
  3640 | D:4      | Reached skill level 6 in Maces & Flails
  4026 | D:5      | Entered Level 5 of the Dungeon
  4049 | D:5      | Noticed an ice beast
  4061 | D:5      | Killed an ice beast
  4061 | D:5      | Reached XP level 7. HP: 41/41 MP: 7/7
  4213 | D:5      | Reached skill level 1 in Shields
  4255 | D:5      | Found a hide-covered altar of Uskayaw.
  4256 | D:5      | Found a glowing silver altar of Zin.
  4257 | D:5      | Found a hazy altar of Hepliaklqana.
  4636 | D:5      | Found a sacrificial altar of Ru.
  4713 | D:5      | Reached XP level 8. HP: 45/46 MP: 8/8
  4934 | D:6      | Got a scorched helmet
  5071 | D:6      | Reached skill level 7 in Maces & Flails
  5154 | D:6      | Identified the +2 helmet "Ideolax" {+Inv MR+ Str+6 Dex+4}
                  | (You found it on level 6 of the Dungeon)
  5292 | D:6      | Found a staircase to the Ecumenical Temple.
  5329 | Temple   | Entered the Ecumenical Temple
  5397 | Temple   | Became a worshipper of Warmaster Okawaru
  5817 | D:7      | Noticed Harold
  5833 | D:7      | Killed Harold
  5833 | D:7      | Reached * piety under Okawaru
  5833 | D:7      | Reached skill level 8 in Maces & Flails
  5833 | D:7      | Reached XP level 9. HP: 42/50 MP: 6/9
  6218 | D:7      | Reached skill level 1 in Invocations
  6223 | D:7      | Reached ** piety under Okawaru
  6223 | D:7      | Reached skill level 9 in Maces & Flails
  6871 | D:7      | Found an ornate altar of the Wu Jian Council.
  7007 | D:8      | Reached XP level 10. HP: 29/56 MP: 7/13
  7008 | D:8      | Reached *** piety under Okawaru
  7010 | D:8      | Reached skill level 10 in Maces & Flails
  7033 | D:8      | Noticed Maurice
  7177 | D:7      | quinnr: ?@maurice
  7177 | D:7      | quinnr: @?maurice
  7177 | D:7      | beem: Maurice (@)
                  | Spd:
    10 | HD: 5    | HP: 46-73
                  | AC/EV:
                  | 2/13
                  | Dam: 9(steal)
                  | weapons, items, doors, spellcaster
                  | | Res: magic(20)
                  | XP: 469
                  | Sp: sprint, invisibility, blink,
                  | teleport self [emergency]
                  | Sz: Medium
                  | Int: human.
  7190 | D:7      | Killed Maurice
  7686 | D:8      | Reached skill level 5 in Fighting
  7686 | D:8      | Reached skill level 5 in Armour
  7808 | D:8      | Found a shimmering blue altar of Sif Muna.
  7808 | D:8      | Found a glowing golden altar of the Shining One.
  7912 | D:8      | Found a staircase to the Lair.
  8128 | D:8      | quinnr: ??flails
  8128 | D:8      | beem: flails ~ flail[1/1]: (maces & flails; +0 acc / 10 dam
                  | / 1.4 base delay / 0.7 min delay). A mace with a short
                  | chain connecting the head to the haft.
  8128 | D:8      | quinnr: ??maces & flails
  8128 | D:8      | beem: maces & flails[1/2]: club (+3/5/1.3/0.6), whip
                  | (+2/6/1.1/0.5), hammer (+3/7/1.3/0.6), mace (+3/8/1.4/0.7),
                  | flail (+0/10/1.4/0.7), demon whip (+1/11/1.1/0.5), sacred
                  | scourge (+0/12/1.1/0.5), morningstar (-2/13/1.5/0.7),
                  | eveningstar (-1/15/1.5/0.7), dire flail (-3/13/1.3/0.6)
                  | [2], great mace (-4/17/1.7/0.7) [2], giant club
                  | (-6/20/1.7/0.7) [2], giant spiked club (-7/22/1.8/0.7) [2]
  8237 | D:9      | Found a stormy altar of Qazlal.
  8472 | D:9      | Noticed a brown ugly thing
  8486 | D:9      | Killed a brown ugly thing
  8486 | D:9      | Reached **** piety under Okawaru
  8648 | D:9      | Reached skill level 11 in Maces & Flails
  8743 | D:9      | Noticed Pikel
  8781 | D:9      | Killed Pikel
  8931 | D:9      | Reached XP level 11. HP: 62/64 MP: 14/14
  8956 | D:9      | Reached ***** piety under Okawaru
  9019 | D:10     | Entered Level 10 of the Dungeon
  9031 | D:9      | Reached skill level 12 in Maces & Flails
  9114 | D:10     | Noticed a brown ugly thing
  9130 | D:10     | Killed a brown ugly thing
  9228 | D:10     | Found a white marble altar of Elyvilon.
  9557 | D:10     | Received a gift from Okawaru
 10007 | Lair:1   | Entered Level 1 of the Lair of Beasts
 10189 | Lair:1   | Reached skill level 5 in Shields
 10322 | Lair:1   | Noticed Sonja
 10332 | Lair:1   | Killed Sonja
 10332 | Lair:1   | Reached skill level 13 in Maces & Flails
 10655 | Lair:1   | Identified the Collected Works on the Excruciating
                  | Traveller
 10981 | Lair:2   | Noticed a seven-headed hydra
 10991 | Lair:2   | Killed a seven-headed hydra
 11102 | Lair:2   | Found a hole to the Spider Nest.
 11697 | Lair:2   | Received a gift from Okawaru
 11697 | Lair:2   | Reached XP level 12. HP: 37/70 MP: 15/15
 12734 | Lair:3   | Found a staircase to the Shoals.
 12742 | Lair:3   | Received a gift from Okawaru
 12903 | Lair:3   | Noticed an eight-headed hydra
 12911 | Lair:3   | Killed an eight-headed hydra
 12919 | Lair:3   | Reached skill level 10 in Shields
 12946 | Lair:3   | Reached skill level 5 in Invocations
 13502 | Lair:4   | Reached ****** piety under Okawaru
 13711 | Lair:4   | Received a gift from Okawaru
 14000 | Lair:4   | Received a gift from Okawaru
 14021 | Lair:4   | Identified a +2 pair of boots of running (Okawaru gifted it
                  | to you on level 4 of the Lair of Beasts)
 14717 | Lair:5   | Noticed a catoblepas
 14719 | Lair:5   | Noticed a five-headed hydra
 14730 | Lair:5   | Killed a catoblepas
 14741 | Lair:5   | Killed a five-headed hydra
 14812 | Lair:5   | Reached XP level 13. HP: 74/74 MP: 17/17
 15330 | Lair:5   | Found a staircase to the Slime Pits.
 15871 | Lair:5   | Received a gift from Okawaru
 16346 | Lair:6   | Entered Level 6 of the Lair of Beasts
 17710 | Lair:6   | Found a large runed translucent door.
 17927 | Lair:6   | Noticed a fire dragon
 17931 | Lair:6   | Found a large runed translucent door.
 17937 | Lair:6   | Reached skill level 15 in Shields
 18398 | Lair:6   | Killed a fire dragon
 18398 | Lair:6   | Received a gift from Okawaru
 18698 | D:10     | quinnr: hi spectator
 18698 | D:10     | quinnr: love you
 18698 | D:10     | quinnr: ??order
 18698 | D:10     | beem: hyperelliptic[1/2]: Lair -> D:12 -> Orc -> D:15 ->
                  | S:3 -> maybe other S:3 -> maybe Elf:1-2 -> get one S rune
                  | -> Vaults:4 -> get second S rune -> maybe Crypt -> Depths:5
                  | -> get three runes -> Zot ("S" means
                  | Shoals/Snake/Spider/Swamp)
 19033 | D:11     | Gained mutation: Your large and strong wings let you fly
                  | indefinitely. [Gargoyle growth]
 19033 | D:11     | Reached XP level 14. HP: 80/80 MP: 18/18
 19275 | D:11     | Found Uzxu's Armour Emporium.
 19618 | D:12     | Identified a scroll of acquirement
 19618 | D:12     | Acquired 1145 gold pieces
 19664 | D:12     | Noticed an entropy weaver
 19677 | D:12     | Noticed an entropy weaver
 19683 | D:12     | Killed an entropy weaver
 19736 | D:12     | Received a gift from Okawaru
 19819 | D:12     | Killed an entropy weaver
 19975 | D:12     | Found Engietatz's Antique Armour Boutique.
 19983 | D:12     | Bought a polished plate armour for 784 gold pieces
 19995 | D:12     | Identified the cursed +1 plate armour of Hoechejiz {rF+}
                  | (You bought it in a shop on level 12 of the Dungeon)
 20006 | D:12     | Received a gift from Okawaru
 20057 | D:12     | Reached skill level 14 in Maces & Flails
 20133 | D:12     | Noticed Gastronok
 20134 | D:12     | quinnr: ?@gastronok
 20134 | D:12     | quinnr: @?gastronok
 20134 | D:12     | beem: Gastronok (w)
                  | Spd:
     5 | HD: 20   | HP: 116-181
                  | | AC/EV: 3/1
                  | Dam: 40
                  | items, doors, amphibious,
                  | spellcaster, see invisible
                  | Res: magic(80), drown
                  | | Chunks: noxious
                  | XP: 2246
                  | Sp: cantrip, airstrike (8-37),
                  | sum.small mammal, slow, sprint
                  | Sz: Big
                  | Int: human.
 20147 | D:12     | Killed Gastronok
 20147 | D:12     | Received a gift from Okawaru
 20156 | D:12     | Got a smoking cloak {god gift}
 20170 | D:12     | Identified the +0 cloak "Zaofrel" {rC++} (Okawaru gifted it
                  | to you on level 12 of the Dungeon)
 20275 | D:12     | quinnr: ??ugly thing
 20275 | D:12     | beem: ugly thing[1/1]: Their colour indicates what kind of
                  | damage they do, and resist; red is fire, white is cold,
                  | brown is acid, green is poison, cyan is electricity, and
                  | purple simply deals more physical damage. They can change
                  | their colour by being in proximity of their
                  | siblings/contaminated player, or by being polymorphed.
 21060 | D:12     | Found a staircase to the Orcish Mines.
 21144 | D:13     | Found Xofauh's Assorted Antiques.
 21189 | D:13     | Bought a potion of heal wounds for 130 gold pieces
 21189 | D:13     | Bought a scroll labeled LITARE HOCUE for 26 gold pieces
 21189 | D:13     | Bought a scroll of magic mapping for 91 gold pieces
 21261 | Orc:1    | Entered Level 1 of the Orcish Mines
 21414 | Orc:2    | Entered Level 2 of the Orcish Mines
 22033 | Orc:1    | Reached skill level 5 in Throwing
 22247 | Orc:1    | Received a gift from Okawaru
 22257 | Orc:1    | Reached skill level 15 in Maces & Flails
 22269 | Orc:1    | Reached XP level 15. HP: 27/90 MP: 19/19
 22695 | Orc:2    | Found a staircase to the Elven Halls.
 22731 | Orc:2    | Found a radiant altar of Vehumet.
 22940 | Orc:2    | Found Umiwach's Antique Weapon Shoppe.
 22945 | Orc:2    | Found Jekitu Noin's Gadget Emporium.
 22946 | Orc:2    | Found Wepraly's General Store.
 22972 | Orc:2    | quinnr: ??tremorstones
 22972 | Orc:2    | beem: tremorstones ~ tremorstone[1/2]: Does 6d12 frag
                  | damage (triple-reduced by AC) in a 5x5 area. It'll randomly
                  | land adjacent to the tile you targeted, and there's always
                  | a chance it'll hit you, but 20-25 AC should keep you
                  | relatively safe.
 22972 | Orc:2    | quinnr: ??condenser vane
 22972 | Orc:2    | beem: condenser vane[1/2]: Evocable that places clouds on
                  | all targets in LOS. Cloud type scales with Evocations.
                  | Replaces wand of clouds from 0.26 onwards.
 22975 | Orc:2    | Found Baygub's Gadget Emporium.
 22978 | Orc:2    | Bought 5 atropa-tipped darts for 36 gold pieces
 22978 | Orc:2    | Bought a scroll of enchant armour for 90 gold pieces
 22978 | Orc:2    | Bought a scroll of identify for 24 gold pieces
 22978 | Orc:2    | Bought a scroll of identify for 24 gold pieces
 22984 | Orc:2    | Bought a tin of tremorstones (3/3) for 520 gold pieces
 22984 | Orc:2    | Bought a condenser vane (2/2) for 260 gold pieces
 23784 | Orc:1    | quinnr: ??order
 23784 | Orc:1    | beem: hyperelliptic[1/2]: Lair -> D:12 -> Orc -> D:15 ->
                  | S:3 -> maybe other S:3 -> maybe Elf:1-2 -> get one S rune
                  | -> Vaults:4 -> get second S rune -> maybe Crypt -> Depths:5
                  | -> get three runes -> Zot ("S" means
                  | Shoals/Snake/Spider/Swamp)
 24024 | Spider:1 | Entered Level 1 of the Spider Nest
 24148 | Spider:1 | Noticed Asterion
 24151 | Spider:1 | quinnr: @?asterion
 24151 | Spider:1 | beem: Asterion (H)
                  | Spd:
    10 | HD: 15   | HP: 109-146
                  | | AC/EV: 10/1 (headbutt: d20-1)
                  | Dam: 35, 20
                  | natural,
                  | weapons, items, doors, priest, evil, see invisible
                  | Res:
                  | magic(100)
                  | Vul: silver
                  | XP: 2661
                  | Sp: major destruction
                  | (3d6 / 3d27 / 3d20 / 3d22 / 3d24 / 3d28 / 3d25) [!AM],
                  | g.s.makhleb [!AM], haste [!AM]
                  | Sz: Medium
                  | Int: human.
 24191 | Spider:1 | Noticed an Executioner
 24197 | Spider:1 | Killed Asterion
 24197 | Spider:1 | Received a gift from Okawaru
 24197 | Spider:1 | Reached skill level 16 in Maces & Flails
 24448 | Spider:1 | quinnr: ??maces & flails
 24448 | Spider:1 | beem: maces & flails[1/2]: club (+3/5/1.3/0.6), whip
                  | (+2/6/1.1/0.5), hammer (+3/7/1.3/0.6), mace (+3/8/1.4/0.7),
                  | flail (+0/10/1.4/0.7), demon whip (+1/11/1.1/0.5), sacred
                  | scourge (+0/12/1.1/0.5), morningstar (-2/13/1.5/0.7),
                  | eveningstar (-1/15/1.5/0.7), dire flail (-3/13/1.3/0.6)
                  | [2], great mace (-4/17/1.7/0.7) [2], giant club
                  | (-6/20/1.7/0.7) [2], giant spiked club (-7/22/1.8/0.7) [2]
 24719 | Spider:1 | Noticed Aizul
 24745 | Spider:1 | Killed Aizul
 24868 | Spider:1 | Got a faintly glowing scale mail {god gift}
 24880 | Spider:1 | Identified the +1 scale mail of Fuar {Int+10} (Okawaru
                  | gifted it to you on level 1 of the Spider Nest)
 25042 | Spider:1 | Reached skill level 10 in Fighting
 25561 | Lair:2   | Acquired a manual of Fighting
 25906 | Spider:2 | Reached skill level 1 in Stealth
 26365 | Spider:2 | Noticed an emperor scorpion
 26394 | Spider:2 | Killed an emperor scorpion
 26675 | Spider:2 | quinnr: ??confusion
 26675 | Spider:2 | beem: confused[1/2]: A confused monster cannot cast spells
                  | and moves randomly, attacking other monsters it bumps into,
                  | and may even attack itself. A confused player moves
                  | randomly two-thirds of the time when attempting to move,
                  | and may fail to climb stairs. Confusion prevents the use of
                  | spells, scrolls, and most invocations. Potions of curing
                  | cure it; clarity prevents it outright.
 26683 | Spider:2 | Received a gift from Okawaru
 26702 | Spider:2 | Reached skill level 5 in Stealth
 26725 | Spider:2 | Blown up by an orb spider

Illustrated notes

Levels and vault maps discovered:
D:1:      dpeg_arrival_morbid_curiosity, layout_loops_ring, lemuel_old_faithful
D:2:      layout_rooms, doesnt_xom_only_xom, minmay_pentomino_pile
D:3:      layout_basic, nicolae_overflow_crystal_walls,
          nicolae_overflow_hidden_temple, lemuel_round_altar
D:4:      layout_loops_ring, minmay_snake_closets
D:5:      layout_gridville, nicolae_ru_sacrificial_ziggurat,
          chequers_temple_overflow_statue_of_worship
D:6:      layout_basic, minmay_temple_entry_stoned_glass
D:7:      layout_loops_ring, lemuel_coloured_pillars_altar, uniq_harold
D:8:      layout_basic, gammafunk_temple_overflow_statue,
          grunt_lair_entry_orc_guard_hut, uniq_maurice
D:9:      layout_roguey, grunt_qazlal_sundering, solitary_fountain,
          chequers_serial_rivers_micro_c, uniq_pikel
D:10:     layout_stronghold, serial_column_ruins, column_ruins_square_large,
          column_ruins_hut, column_ruins_grid_4, column_ruins_grid_3,
          column_ruins_open_small, column_ruins_grid_3,
          column_ruins_open_medium, basic_altar
D:11:     layout_basic, serial_shops, nicolae_shop_behind_doors
D:12:     layout_basic, hiddenorc1_lemuel, serial_shops, nicolae_shop_trees,
          minivault_29, uniq_gastronok
D:13:     layout_gridville, david_vaults_2, serial_shops, kennysheep_mini,
          shop_statue, st_stairs_7, grunt_decor_arrowhead
Temple:   cyrus_temple_forest
Lair:1:   layout_concentric_octagons, serial_bayou_shore_b, uniq_sonja
Lair:2:   layout_gridlike, nicolae_spider_entry_tight_spaces, lemuel_fruit_tree
Lair:3:   layout_regular_city, minmay_shoals_entry_hut
Lair:4:   layout_regular_city, serial_bayou_lake_a
Lair:5:   layout_layer_cave, minmay_slime_entry_oklob_enclosed
Lair:6:   cheibrodos_lair_end_hotspot, layout_gridlike
Spider:1: layout_spider_delve, worms_lemuel, uniq_aizul, uniq_asterion
Spider:2: nicolae_spider_hall_of_the_moth_king
Orc:1:    layout_diamond_mine, serial_shops, shop, guppyfry_library_mini
Orc:2:    st_orc_open, layout_caves, basic_altar

Skill      XL: |  1  2  3  4  5  6  7  8  9 10 11 12 13 14 15 |
---------------+----------------------------------------------+-----
Maces & Flails | 4 5 6 8 9 11 13 15 16 | 16.0
Evocations     | 1 2 3 6 8 |  8.0
Armour         | 1 3 4 6 7 |  7.0
Fighting       | 3 4 6 9 12 | 12.8
Shields        | 2 4 8 12 15 | 15.0
Invocations    | 4 6 |  6.0
Throwing       | 4 5 6 |  6.0
Stealth        | 5 |  5.0
Dodging        | |  2.4

Action                   |  1- 3 |  4- 6 |  7- 9 | 10-12 | 13-15 || total
-------------------------+-------+-------+-------+-------+-------++-------
Melee: Flail             |   151 |   260 |   306 |       |       ||   717
       Morningstar       |       |       |    81 |   640 |  1376 ||  2097
Throw: Javelin           |       |       |       |       |    18 ||    18
Invok: Heroism           |       |       |     1 |     7 |    23 ||    31
       Finesse           |       |       |       |     1 |    12 ||    13
 Abil: Evoke Invisibilit |       |       |     2 |     1 |     3 ||     6
Evoke: Wand              |       |     3 |     5 |     7 |    28 ||    43
       Phantom mirror    |       |       |       |       |     1 ||     1
       Condenser vane    |       |       |       |       |     1 ||     1
  Use: Scroll            |       |       |     5 |    21 |    16 ||    42
       Potion            |       |       |     2 |       |    10 ||    12
 Stab: Invisible         |       |       |     2 |     3 |    11 ||    16
       Petrified         |       |       |       |     3 |       ||     3
       Paralysed         |       |       |       |       |     4 ||     4
Armor: Chain mail        |   131 |   179 |   291 |    89 |       ||   690
       Plate armour      |       |       |       |   343 |   758 ||  1101
       Skin              |       |       |       |       |   158 ||   158
Dodge: Dodged            |    60 |   107 |   219 |   234 |   422 ||  1042
Block: Buckler           |       |       |   116 |    97 |       ||   213
       Kite shield       |       |       |       |   182 |  1048 ||  1230

Table legend: (Time is in decaauts)
 A = Elapsed time spent in this place.
 B = Non-inter-level travel time spent in this place.
 C = Inter-level travel time spent in this place.
 D = Time resting spent in this place.
 E = Time spent auto-exploring this place.
 F = Levels seen in this place.
 G = Mean time per level.
                   A        B        C        D        E       F      G
               +--------+--------+--------+--------+--------+-----+--------+
         Total |  25757 |  24018 |   1739 |   3607 |  14650 |  24 | 1073.2 |
       Dungeon |  12396 |  11618 |    778 |    612 |   7600 |  13 |  953.5 |
        Temple |    101 |     60 |     41 |      0 |     59 |   1 |  101.0 |
          Lair |   8784 |   8070 |    714 |   1693 |   5056 |   6 | 1464.0 |
   Spider Nest |   2073 |   1946 |    127 |    313 |   1156 |   2 | 1036.5 |
  Orcish Mines |   2400 |   2323 |     77 |    988 |    777 |   2 | 1200.0 |
               +--------+--------+--------+--------+--------+-----+--------+

Top non-repeatable levels by time:
  Lair:5: 1952 daAuts
   Orc:1: 1911 daAuts
  Lair:2: 1901 daAuts
  Lair:6: 1745 daAuts
Spider:1: 1569 daAuts
    D:12: 1447 daAuts
     D:7: 1226 daAuts
     D:8: 1176 daAuts
     D:1: 1150 daAuts
     D:2: 1108 daAuts
  Lair:4: 1097 daAuts
  Lair:3: 1051 daAuts
  Lair:1: 1036 daAuts
    D:10: 932 daAuts
     D:4: 925 daAuts
